 Dungeon Crawl Stone Soup version 0.30.1-11-g7821555f0a (webtiles) character file.

Game seed: 15535242726507215771

35 SacredBeard the Vexing (level 3, -1/20 HPs)
             Began as a Deep Elf Hexslinger on Oct 30, 2023.
             Succumbed to a kobold's poison
             ... on level 1 of the Dungeon.
             The game lasted 00:02:58 (1060 turns).

SacredBeard the Vexing (Deep Elf Hexslinger)        Turns: 1060, Time: 00:02:59

Health: -1/20      AC:  3    Str:  7    XL:     3   Next: 17%
Magic:  7/8        EV: 12    Int: 17    God:
Gold:   44         SH:  0    Dex: 17    Spells: 5/6 levels left

rFire   . . .        a - +1 sling
rCold   . . .        (no shield)
rNeg    . . .        g - +0 leather armour
rPois   .            (no helmet)
rElec   .            (no cloak)
rCorr   .            (no gloves)
SInv    .            (no boots)
Will    .....        (no amulet)
Stlth   +            h - ring of flight
HPRegen 0.23/turn    (no ring)
MPRegen 0.11/turn

%: no passive effects
@: lethally poisoned (-1 -> -9), flying
A: no striking features
a: no special abilities


You were on level 1 of the Dungeon.
You visited 1 branch of the dungeon, and saw 2 of its levels.

You collected 44 gold pieces.

Inventory:

Hand Weapons
 a - a +1 sling (weapon)
Armour
 g - a +0 leather armour (worn)
Jewellery
 h - a ring of flight (left hand)
Scrolls
 b - a scroll of poison
 d - a scroll of vulnerability {unknown}
 f - a scroll of blinking {unknown}
 i - a scroll of teleportation {unknown}
 j - a scroll of fog {unknown}
Potions
 c - a potion of might {unknown}
 e - a potion of brilliance {unknown}


   Skills:
 - Level 1.0 Fighting
 * Level 3.6 Ranged Weapons
 + Level 0.5 Armour
 + Level 2.7 Dodging
 + Level 2.2 Spellcasting
 + Level 4.3 Hexes


You had 5 spell levels left.
You knew the following spells:

 Your Spells              Type           Power      Damage    Failure   Level
a - Slow                  Hex            64%        N/A       4%          1

Your spell library contained the following spells:

 Spells                   Type           Power      Damage    Failure   Level
 Inner Flame              Hex/Fire       9%         N/A       34%         3
 Portal Projectile        Hex/Tloc       18%        N/A       34%         3
 Cause Fear               Hex            8%         N/A       43%         4
 Fireball                 Conj/Fire      0%         3d3       100%        5
 Iskenderun's Battlesphe  Conj           1%         2d6       100%        5
 Conjure Ball Lightning   Conj/Air       0%         3x3d6     100%        6
 Orb of Destruction       Conj           0%         9d5       100%        7


Dungeon Overview and Level Annotations

Branches:
Dungeon (2/15) Zot: 10917

Altars:


Message History

The sling bullet closely misses the frilled lizard.
Fire: a) +1 sling
Press: ? - help, Shift-Dir - straight line, f/p - frilled lizard
Aim: a frilled lizard (40% to hit)
You shoot a sling bullet.
The sling bullet closely misses the frilled lizard.
Fire: a) +1 sling
Press: ? - help, Shift-Dir - straight line, f/p - frilled lizard
Aim: a frilled lizard (40% to hit)
You shoot a sling bullet.
The sling bullet hits the frilled lizard.
You kill the frilled lizard!
You are too injured to fight recklessly!
Casting: Slow (safe; 4% risk of failure)
Confirm with . or Enter, or press ? or * to list all spells.
Aiming: Slow (safe; 4% risk of failure)
Press: ? - help, Shift-Dir - straight line, f - kobold
Aim: a kobold, wielding a +0 whip and quivering poisoned darts (chance to affect: 67%)
The kobold seems to slow down.
The kobold throws a poisoned dart.
The poisoned dart hits you!
You are poisoned.
Fire: a) +1 sling
Press: ? - help, Shift-Dir - straight line, f/p - kobold
Aim: a kobold, wielding a +0 whip and quivering poisoned darts (slow, 51% to hit)
You shoot a sling bullet.
The sling bullet barely misses the kobold.
You feel very sick.
The kobold throws a poisoned dart.
The poisoned dart hits you!
You are lethally poisoned!
Fire: a) +1 sling
Press: ? - help, Shift-Dir - straight line, f/p - kobold
Aim: a kobold, wielding a +0 whip and quivering poisoned darts (slow, 51% to hit)
You shoot a sling bullet.
The sling bullet hits the kobold but does no damage.
* * * LOW HITPOINT WARNING * * *
You feel very sick.
The kobold throws a poisoned dart.
The poisoned dart misses you.
* * * LOW HITPOINT WARNING * * *
You feel very sick.
You die...

#.#######.# ##.#######.##
#...........#####
###########..##...
#............##.##
###.##########.##.##
#....#..# #......##
#.#..#..####.#.#####
#########
#†#@.#.....#.#.#####
####.......#
#K#..##.#....#......
^..'.....>.#
#.#..##.#..#.)......
####.......#
#.#..##.#..#.#######
####.......#
#.#..##.#..#.#######
......###'##
#.#..##.#...........
).....#
#.####.#.....#.##.#######
......#
#..K...##.####.##.#
......# #.####....#
#.##.#


There were no monsters in sight!

Vanquished Creatures
  An adder (D:1)
  2 endoplasms (D:1)
  A giant cockroach (D:1)
  A goblin (D:1)
  5 hobgoblins (D:1)
  A quokka (D:1)
  A ball python (D:1)
  5 bats (D:1)
  2 frilled lizards (D:1)
  4 kobolds (D:1)
  2 rats
25 creatures vanquished.

Notes
Turn   | Place    | Note
-------+----------+-------------------------------------------
     0 | D:1      | SacredBeard the Deep Elf Hexslinger began the quest for the
                  | Orb.
     0 | D:1      | Reached XP level 1. HP: 11/11 MP: 5/5
   271 | D:1      | Reached XP level 2. HP: 16/16 MP: 6/6
   460 | D:1      | Found a faded altar of an unknown god.
   744 | D:1      | Reached skill level 1 in Fighting
   936 | D:1      | Reached XP level 3. HP: 8/20 MP: 6/8
  1059 | D:1      | HP: 1/20 [poisoned by a kobold]
  1060 | D:1      | Succumbed to a kobold's poison

Illustrated notes

Levels and vault maps discovered:
D:1:      sevenhm_arrival_forest_fort_small_3, layout_basic,
          ebering_ecumenical_altar_petrified
D:2:      layout_rooms, serial_shops, nicolae_shop_pleasant_corner_grove,
          uniq_robin, uniq_sigmund

Skill      XL: |  1  2 |
---------------+-------+-----
Ranged Weapons | 3 |  3.6
Fighting       | 1 |  1.0
Spellcasting   | 2 |  2.2
Armour         | |  0.5
Dodging        | |  2.7
Hexes          | |  4.3

Action                     || total
---------------------------++-------
   Fire: Sling             ||    80
   Cast: Slow              ||     7
 Armour: Robe              ||     2
         Leather armour    ||     6
  Dodge: Dodged            ||    34
